 Dungeon Crawl Stone Soup version 0.30.1-3-gfc49f6343a (webtiles) character file.

Game seed: 2558437683611400975

62 croobank the Sneak (level 4, -2/31 HPs)
             Began as an Octopode Delver on July 27, 2023.
             Slain by an orc wizard
             ... wielding a +0 dagger
              (3 damage)
             ... on level 5 of the Dungeon.
             The game lasted 00:10:26 (294 turns).

croobank the Sneak (Octopode Delver)                 Turns: 294, Time: 00:10:27

Health: -2/31      AC:  1    Str: 11    XL:     4   Next: 8%
Magic:  4/4        EV: 13    Int: 14    God:
Gold:   9          SH:  0    Dex: 13    Spells: 3/3 levels left

rFire   . . .        a - +0 short sword
rCold   . . .        (no shield)
rNeg    . . .        (helmet restricted)
rPois   .            (no amulet)
rElec   .            (no ring)
rCorr   .            (no ring)
SInv    .            (no ring)
Will    .....        (no ring)
Stlth   ++           (no ring)
HPRegen 0.25/turn    (no ring)
MPRegen 0.09/turn    (no ring)
                     (no ring)

%: no passive effects
@: confused, flying
A: almost no armour, amphibious, 8 rings, camouflage 1, gelatinous body 1,
(nimble swimmer 1), tentacles
a: no special abilities


You were on level 5 of the Dungeon.
You visited 1 branch of the dungeon, and saw 3 of its levels.

You collected 9 gold pieces.

Inventory:

Hand Weapons
 a - a +0 short sword (weapon)
Wands
 f - a wand of digging (3)
 j - a wand of polymorph (8)
Scrolls
 b - a scroll of fog
 c - a scroll of magic mapping
 d - a scroll of fear
 h - a scroll of acquirement {unknown}
 k - a scroll of enchant weapon {unknown}


   Skills:
 + Level 3.5 Fighting
 + Level 2.6 Short Blades
 + Level 2.7 Dodging
 + Level 7.1 Stealth


You had 3 spell levels left.
You didn't know any spells.
Your spell library was empty.

Dungeon Overview and Level Annotations

Branches:
Dungeon (7/15)
 Temple: D:4-7

Altars:


Innate Abilities, Weirdness & Mutations

You cannot wear most types of armour.
You are amphibious.
You can wear up to eight rings at the same time.
Your skin changes colour to match your surroundings (Stealth+).
Your rubbery body absorbs attacks. (AC +1, EV +1)
((You are camouflaged when in or above water. (Stealth+)))
You have tentacles for arms and can constrict up to eight enemies at once.


Message History

An orc comes into view. It is wielding a +0 whip.
You hit the orc.
You kill the orc!
The orc wizard points at you and mumbles some strange words.
You are more confused.
The orc wizard gestures wildly while chanting.
The orc wizard flickers and vanishes!
Deactivating autopickup; reactivate with Ctrl-A.
It was a potion of magic.
Magic courses through your body.
Okay, then.
It was a potion of flight.
You feel very buoyant.
You fly up into the air.
The orc wizard points at you and mumbles some strange words.
You resist with some effort.
You closely miss the orc. You miss the orc wizard.
Your squeeze misses the orc wizard.
The orc wizard hits you with a +0 dagger.
The orc wizard mumbles some strange words.
The orc wizard flickers and vanishes!
The orc hits you with a +0 club.
You hit the orc wizard.
The orc wizard is lightly wounded.
The orc closely misses you. The orc wizard barely misses you.
You miss the orc wizard.
The orc wizard is lightly wounded.
The orc hits you with a +0 whip. The orc wizard completely misses you.
Something barely misses you. Something hits you. The orc closely misses you.
The orc hits you with a +0 club.
You see here 11 gold pieces.
You miss the orc. Something hits you.
The orc wizard hits you with a +0 dagger.
Something hits you.
* * * LOW HITPOINT WARNING * * *
The orc hits you with a +0 club.
* * * LOW HITPOINT WARNING * * *
The orc hits you with a +0 whip.
* * * LOW HITPOINT WARNING * * *
Something hits you.
You die...

#.........
#.....>..o
#.........
#...o.h.h.
#.........
###########........?
#.........####.#..##
#.o.o.....# #.##.#
#.o@{.....# #f ...
#...{.....# #.
#........... ####.
#.........## #....
#......<..# #.#..
#.).......# ....
####.....$.. #..
#.......# #>W #..


You could see an orc wizard and 2 orcs.

Vanquished Creatures
  A hound (D:6)
  An orc wizard (D:6)
  2 orcs
4 creatures vanquished.

Notes
Turn   | Place    | Note
-------+----------+-------------------------------------------
     0 | D:5      | croobank the Octopode Delver began the quest for the Orb.
     0 | D:5      | Reached XP level 1. HP: 16/16 MP: 1/1
    12 | D:6      | Noticed a hound
    19 | D:6      | Killed a hound
    20 | D:6      | Reached skill level 7 in Stealth
    20 | D:6      | Reached XP level 2. HP: 21/21 MP: 2/2
    20 | D:6      | Reached XP level 3. HP: 26/26 MP: 3/3
    57 | D:5      | Noticed a phantom
   160 | D:7      | Noticed a kobold brigand
   169 | D:7      | Noticed a bullfrog
   214 | D:6      | Reached XP level 4. HP: 15/31 MP: 4/4
   293 | D:5      | HP: 1/31 [orc/+0 whip (1)]
   294 | D:5      | Slain by an orc wizard

Illustrated notes

Levels and vault maps discovered:
D:5:      layout_rooms
D:6:      hellmonk_ruined_rings, layout_loops_ring,
          minmay_temple_entry_statues_fountains
D:7:      layout_basic, gammafunk_temple_overflow_statue, uniq_maggie

Skill      XL: |  1 |
---------------+----+-----
Stealth        | 7 |  7.1
Fighting       | |  3.5
Short Blades   | |  2.6
Dodging        | |  2.7

Action                     |  1- 3 |  4- 6 || total
---------------------------+-------+-------++-------
  Melee: Short sword       |     7 |     8 ||    15
         Constrict         |     2 |       ||     2
         Tentacles         |     1 |       ||     1
    Use: Potion            |     1 |     2 ||     3
   Stab: Sleeping          |     1 |       ||     1
  Dodge: Dodged            |     7 |     6 ||    13
